Map: Ascension vers Aïur EC

Players

nicoLeffe

  • Race: Protoss Protoss
  • League: Gold
  • Spawn Location: 11:00

zidar - Winner!

  • Race: Zerg Zerg
  • League: Gold
  • Spawn Location: 5:00

VOD

Have the link to the VOD?

Description

Time

  • Played on: July 12, 2017, 10:48 a.m.
  • Length: 16:19
Show
View Real Time Build Order
Export as new Build Order

nicoLeffe Protoss 

Build Orders: Nexus First 

Get SALT Encoding   

  12  0:01  Probe (Chrono Boost)  
  13  0:12  Probe (Chrono Boost)  
  14  0:22  Probe (Chrono Boost), Pylon  
  15  0:40  Probe (Chrono Boost)  
  16  0:59  Probe (Chrono Boost)  
  16  1:01  Nexus  
  17  1:15  Gateway  
  17  1:19  Probe (Chrono Boost)  
  18  1:29  Probe (Chrono Boost)  
  18  1:31  Assimilator  
  19  1:42  Forge  
  19  1:43  Gateway  
  19  1:45  Probe (Chrono Boost)  
  20  1:56  Probe (Chrono Boost)  
  21  2:07  Probe (Chrono Boost)  
  22  2:17  Probe (Chrono Boost)  
  23  2:29  Probe x2 (Chrono Boost)  
  25  2:32  Photon Cannon  
  25  2:34  Photon Cannon  
  25  2:38  Assimilator  
  25  2:42  Assimilator  
  25  2:43  Pylon  
  25  2:44  Protoss Ground Armor Level 1 (Chrono Boost)  
  25  2:50  Probe x2 (Chrono Boost)  
  27  2:51  Cybernetics Core  
  27  2:58  Zealot (Chrono Boost)  
  29  3:02  Probe (Chrono Boost)  
  30  3:10  Probe (Chrono Boost)  
  31  3:13  Pylon  
  31  3:18  Probe  
  32  3:36  Probe x2  
  32  3:41  Photon Cannon  
  34  3:43  Photon Cannon  
  34  3:49  Mothership Core, Probe, Assimilator  
  37  4:01  Robotics Facility  
  37  4:03  Gateway  
  37  4:05  Probe  
  37  4:06  Warp Gate (Chrono Boost)  
  37  4:08  Gateway  
  38  4:10  Probe  
  39  4:17  Probe  
  39  4:22  Probe  
  41  4:40  Twilight Council  
  41  4:42  Gateway  
  41  4:44  Probe x2, Gateway  
  43  4:46  Pylon  
  43  4:50  Pylon  
  43  4:51  Stalker  
  45  4:53  Stalker  
  47  5:03  Immortal  
  51  5:10  Blink (Chrono Boost)  
  51  5:21  Dark Shrine  
  52  5:43  Observer, Gateway  
  52  5:45  Gateway  
  52  5:46  Gateway  
  52  5:58  Protoss Ground Weapons Level 1 (Chrono Boost)  
  56  6:04  Immortal  
  56  6:13  Probe x2  
  56  6:16  Stalker x3  
  56  6:17  Stalker  
  66  6:26  Probe  
  66  6:27  Probe  
  68  6:36  Dark Templar  
  70  6:48  Pylon  
  70  6:52  Pylon  
  70  6:58  Pylon  
  70  7:06  Observer, Probe x2, Pylon  
  73  7:15  Dark Templar  
  73  7:16  Dark Templar x2  
  73  7:18  Probe x2  
  81  7:26  Dark Templar  
  83  7:41  Pylon  
  83  7:43  Pylon  
  83  7:48  Dark Templar x2  
  87  8:33  Dark Templar x4  
  93  8:37  Archon x3  
  93  8:41  Archon x2  
  93  8:46  Stalker x3  
  99  8:53  Immortal  
  103  9:01  Nexus  
  103  9:06  Photon Cannon  
  103  9:08  Photon Cannon  
  103  9:11  Photon Cannon  
  103  9:13  Protoss Ground Weapons Level 2 (Chrono Boost)  
  103  9:21  Probe x2, Forge  
  104  9:25  Charge, Adept x6, Forge  
  104  9:26  Adept, Pylon  
  118  9:50  Dark Templar  
  118  9:52  Zealot x3  
  126  10:03  Assimilator  
  126  10:08  Assimilator  
  126  10:09  Pylon  
  126  10:11  Protoss Ground Armor Level 2 (Chrono Boost)  
  126  10:12  Probe x2, Protoss Shields Level 1 (Chrono Boost), Pylon  
  128  10:15  Pylon  
  128  10:20  Pylon  
  128  10:25  Probe x2  
  130  10:30  Zealot x4  
  130  10:31  Zealot  
  140  10:36  Observer  
  140  10:38  Dark Templar  
  143  10:53  Probe  
  143  10:54  Probe  
  145  10:58  Observer  
  145  11:02  Nexus  
  146  11:07  Pylon  
  146  11:13  Gateway  
  146  11:17  Pylon  
  146  11:20  Pylon  
  146  11:22  Probe x3, Assimilator  
  146  11:25  Stalker  
  151  11:26  Assimilator  
  151  11:35  Protoss Ground Weapons Level 3 (Chrono Boost)  
  151  11:37  Dark Templar  
  153  11:45  Robotics Bay  
  153  11:48  Dark Templar  
  153  11:52  Archon  
  155  11:56  Archon  
  155  11:59  Zealot x2  
  155  12:00  Zealot  
  161  12:13  Stalker x4  
  169  12:21  Probe  
  169  12:22  Probe  
  171  12:32  Gravitic Boosters  
  171  12:39  Dark Templar x3  
  171  12:41  Dark Templar  
  171  12:42  Dark Templar  
  181  12:44  Archon  
  181  12:45  Archon  
  181  12:59  Dark Templar x3  
  187  13:11  Colossus  
  193  13:29  Extended Thermal Lance  
  99  14:37  Zealot  
  99  14:38  Zealot x5  
  77  14:40  Dark Templar x3  
  89  14:49  Archon  
  89  14:51  Colossus  
  95  15:00  Dark Templar  
  95  15:01  Dark Templar x5  
  95  15:05  Archon x2  
  95  15:06  Archon  
  107  15:31  Zealot x3  
  107  15:34  Zealot x4  
  107  15:35  Zealot  
  129  16:00  Gateway x2  
  129  16:02  Gateway  
  118  16:08  Gateway, Stalker x3  
  118  16:09  Stalker x3  
Show
View Real Time Build Order
Export as new Build Order

zidar Zerg - Winner!

Build Orders: Pool First 

Get SALT Encoding   

  12  0:02  Drone  
  13  0:12  Overlord  
  13  0:17  Drone  
  14  0:30  Drone x2  
  14  0:34  Drone  
  17  0:46  Spawning Pool  
  16  1:09  Hatchery  
  15  1:12  Drone  
  15  1:15  Drone  
  17  1:19  Extractor  
  17  1:22  Drone  
  17  1:33  Queen  
  19  1:43  Overlord  
  19  1:46  Drone  
  20  1:50  Zergling x2  
  21  2:09  Queen  
  23  2:21  Roach Warren, Metabolic Boost  
  22  2:27  Zergling x2  
  22  2:29  Zergling x2  
  24  2:57  Drone x6  
  30  3:01  Overlord  
  29  3:15  Drone x3  
  32  3:23  Queen  
  34  3:27  Drone  
  34  3:28  Drone  
  34  3:31  Drone  
  38  3:34  Drone  
  38  3:39  Extractor  
  37  3:55  Drone x4  
  37  3:56  Drone x3  
  37  3:58  Overlord  
  37  4:01  Overlord  
  44  4:08  Lair  
  44  4:19  Overlord  
  44  4:20  Overlord  
  44  4:34  Hatchery  
  43  4:52  Queen  
  45  5:02  Drone  
  46  5:09  Glial Reconstitution  
  46  5:13  Hydralisk Den  
  45  5:19  Evolution Chamber  
  44  5:21  Evolution Chamber  
  44  5:27  Extractor  
  42  5:31  Extractor  
  41  5:45  Overlord  
  41  5:46  Overlord x2  
  41  5:51  Zerg Missile Weapons Level 1  
  41  5:52  Zerg Melee Weapons Level 1  
  41  6:17  Muscular Augments  
  41  6:19  Hydralisk x4  
  41  6:21  Roach x2  
  53  6:36  Drone x6  
  53  6:37  Drone x8  
  53  6:38  Drone x4  
  53  6:39  Drone x4  
  75  7:06  Drone x4  
  75  7:07  Drone x7  
  86  7:12  Extractor  
  86  7:14  Extractor  
  84  7:16  Overseer  
  84  7:22  Roach x6  
  96  7:46  Spore Crawler  
  96  7:50  Spine Crawler  
  94  7:57  Spore Crawler  
  93  8:03  Spine Crawler  
  74  8:51  Drone  
  74  8:52  Drone x12  
  87  9:04  Drone  
  87  9:08  Hydralisk x2  
  92  9:38  Hatchery  
  91  9:43  Overlord  
  91  9:44  Overlord x7  
  91  9:48  Zerg Ground Armor Level 1  
  91  9:50  Zerg Missile Weapons Level 2  
  91  10:01  Drone x3  
  91  10:02  Drone x2, Infestation Pit  
  95  10:21  Roach x2, Hydralisk  
  95  10:22  Roach x4, Hydralisk x5  
  119  10:36  Spire  
  119  10:38  Hive  
  118  10:43  Lurker Den  
  118  10:46  Hydralisk x10  
  138  11:06  Roach x9  
  156  11:14  Roach x5  
  156  11:17  Overlord x3  
  166  11:20  Overseer  
  166  11:46  Hatchery  
  165  11:50  Hydralisk x7  
  165  11:51  Hydralisk x6  
  191  11:54  Greater Spire  
  191  11:57  Zerg Ground Armor Level 2  
  191  12:06  Pneumatized Carapace  
  191  13:16  Corruptor x3  
  144  14:27  Hydralisk x20  
  144  14:29  Roach x9  
  164  14:41  Brood Lord x2  
  168  14:46  Corruptor x3  
  168  14:47  Corruptor x3  
  180  15:17  Hatchery  
  179  15:24  Brood Lord  
  179  15:25  Brood Lord  
  183  15:29  Overlord x3  
Tags
 
Add a new tag
Caveats
  • Supply blocks, unpowered buildings, or Contaminate may cause inaccurate times.
  • Supply counts are checked every 10 seconds.